 Dungeon Crawl Stone Soup version 0.21.1 (webtiles) character file.

27341 RUZZLEFAZAZZLE the Fighter (level 13, -12/178 HPs)
             Began as a Hill Orc Fighter on Feb 5, 2018.
             Was a High Priest of Okawaru.
             Killed by divine providence
             ... invoked by an orc priest
              (16 damage)
             ... on level 2 of the Orcish Mines.
             The game lasted 01:27:08 (17902 turns).

RUZZLEFAZAZZLE the Fighter (Hill Orc Fighter)      Turns: 17902, Time: 01:27:08

Health: -12/178    AC: 26    Str: 24    XL:     13   Next: 31%
Magic:  21/21      EV:  2    Int:  6    God:    Okawaru [*****.]
Gold:   1274       SH: 14    Dex: 10    Spells: 12/12 levels left

rFire    . . .     SeeInvis +   K - +5 scimitar "Edyricawk" {venom, rElec}
rCold    + . .     Gourm    .   c - +0 shield
rNeg     + + +     Faith    .   (armour currently unavailable)
rPois    +         Spirit   .   (helmet currently unavailable)
rElec    +         Reflect  .   (cloak currently unavailable)
rCorr    +         Harm     .   (gloves currently unavailable)
MR       .....     NoTele   +   (boots currently unavailable)
Stlth    +++.......             (no amulet)
HPRegen  0.39/turn              m - ring of protection from cold
MPRegen  0.17/turn              h - ring of resist corrosion

@: tree-form, heroism, berserk cooldown, slowed, very slow
A: see invisible, dopey 1, sense surroundings 1
a: Heroism, Finesse, Renounce Religion, Convert to Beogh


You were on level 2 of the Orcish Mines.
You worshipped Okawaru.
Okawaru was extremely pleased with you.
You were not hungry.
You were a tree.
You visited 5 branches of the dungeon, and saw 16 of its levels.
You also visited: Labyrinth, Ossuary and Volcano.

You collected 1394 gold pieces.
You spent 120 gold pieces at shops.

Inventory:

Hand Weapons
 A - a +4 long sword of electrocution
 K - the +5 scimitar "Edyricawk" (weapon) {venom, rElec}
   (You found it in a labyrinth)

   It poisons the flesh of those it strikes.
   It insulates you from electricity.
 O - a +1 scimitar of flaming
 R - a +2 great sword of flaming
Missiles
 N - 7 silver tomahawks (quivered)
Armour
 b - a +2 pair of gloves (melded)
 c - a +0 shield (worn)
 w - a +1 helmet (melded)
 E - a +4 plate armour of fire resistance
 L - a +2 cloak (melded)
 T - the +4 plate armour of the Stag (melded) {rF+ Dex+4}
   (You found it in a labyrinth)

   It affects your dexterity (+4).
   It protects you from fire.
Jewellery
 d - an uncursed ring of teleportation
 h - a ring of resist corrosion (right branch)
 m - a ring of protection from cold (left branch)
Wands
 o - a wand of flame (15)
 r - a wand of iceblast (20)
 u - a wand of paralysis (41)
 C - a wand of random effects (33)
Scrolls
 e - 2 scrolls of immolation
 g - 3 scrolls of amnesia
 j - a scroll of enchant weapon
 p - 4 scrolls of magic mapping
 q - 5 scrolls of teleportation
 v - 4 scrolls of fog
 y - 2 scrolls of fear
 B - a scroll of blinking
 G - a scroll of brand weapon
 H - a scroll of holy word {unknown}
Potions
 i - 7 potions of haste
 k - 4 potions of agility
 l - a potion of resistance
 n - 2 potions of flight
 t - 2 potions of might
 z - 5 potions of lignification
 D - a potion of ambrosia
 F - 6 potions of curing
 I - 2 potions of magic
 J - 2 potions of berserk rage
 M - a potion of cancellation {unknown}
 Q - a potion of brilliance {unknown}
Miscellaneous
 W - 2 phantom mirrors
Comestibles
 a - 4 chunks of flesh
 f - 10 rations


   Skills:
 + Level 12.5(17.5) Fighting
 + Level 11.3(16.3) Long Blades
 + Level 11.6(16.6) Armour
 + Level 11.6(16.6) Shields
 + Level 11.3 Invocations


You had 12 spell levels left.
You didn't know any spells.

Dungeon Overview and Level Annotations

Branches:
Dungeon (10/15)            Temple (1/1) D:4            Lair (2/6) D:8
  Swamp (0/4) Lair:2        Snake (1/4) Lair:2          Orc (2/2) D:9
    Elf (0/3) Orc:2

Altars:
Ashenzari
Cheibriados
Dithmenos
Elyvilon
Fedhas
Gozag
Hepliaklqana
Kikubaaqudgha
Makhleb
Nemelex Xobeh
Okawaru
Qazlal
Ru
Sif Muna
Trog
Uskayaw
Vehumet
Wu Jian
Xom
Yredelemnul
Zin
The Shining One

Shops:
D:4 !   D:5 %


Innate Abilities, Weirdness & Mutations

((You are partially covered in slimy green scales. (AC +2)))
You have supernaturally acute eyesight. (SInv)
((Your flesh is cold resistant. (rC+)))
((Armour fits poorly on your strangely shaped body.))
You are dopey. (Int -2)
You passively map a small area around you.
((You are resistant to electric shocks. (rElec)))


Message History

You feel a strong urge to attack something.
You are no longer berserk.
You are exhausted.
You feel yourself slow down.
You cannot move.
An orc warrior comes into view.
It is wielding a dire flail of crushing.
The orc warrior shouts!
You slash the orc priest!
The orc priest is poisoned.
The orc priest is severely wounded.
You block the orc priest's attack.
An orc knight comes into view. It is wielding a glaive.
You barely miss the orc priest.
The orc priest is severely wounded.
The orc priest shouts, "Join the one true god or die!"
You block the orc priest's attack.
You closely miss the orc priest.
The orc priest is almost dead.
The orc priest calls down the wrath of Beogh upon you.
Beogh smites you!
You die...

........................#..##
,..#...<....................##
, ##.#...))...#..##.........##
# ###.[().#######.........# ,
* *##..)))).##.#..........## ,
,*,#..))#))...###.........###
........#.).....#...........#
........##..)..........##....
* ,
........#..#♣)........#####.#
......####.#o)......### ###
....## ###....))####### ,
....* ####....)))##...## ,...
#..#o....))).....# ,,
##..o...........## *
####......#........## *
##.........#.))).....##
#.#........#..........##


You could see an orc knight (wandering), an orc warrior and an orc priest.

Vanquished Creatures
  A minotaur (Lab)
  A centaur warrior (Volcano)
  2 two-headed ogres (D:8)
  An anaconda (Snake:1)
  Erica (Orc:1)
  A shock serpent (Snake:1)
  3 orc high priests (Orc:2)
  A hell knight (Volcano)
  A naga ritualist (Snake:1)
  A swamp dragon (Lair:2)
  3 orc knights (Orc:2)
  5 orc sorcerers (Orc:2)
  4 elephants (Lair:1)
  4 black mambas
  A spiny frog (Lair:1)
  3 yaktaurs (Volcano)
  2 minotaur zombies (Lab)
  3 trolls
  4 hippogriffs
  2 shadows (Lab)
  6 yaks (Lair:1)
  Grum (D:8)
  6 hungry ghosts
  2 wargs (Orc:2)
  2 hell hounds (D:8)
  6 water moccasins
  6 porcupines
  18 orc warriors
  2 ice beasts
  2 sky beasts (D:7)
  A necrophage (D:8)
  5 ogres
  3 wolves (D:8)
  5 centaurs
  7 crocodiles
  6 bullfrogs
  A gnoll sergeant (Orc:1)
  An earth elemental (Lab)
  A wyvern skeleton (D:8)
  3 scorpions
  10 killer bees (D:8)
  6 wights (D:8)
  2 electric eels (Lair:1)
  3 crimson imps
  3 bullfrog zombies
  2 centaur zombies
  A quasit (D:10)
  A gnoll shaman (Orc:1)
  3 hounds
  A jelly (D:9)
  17 orc priests
  3 iguanas
  17 orc wizards
  6 worker ants
  A killer bee zombie (Ossuary)
  2 hound zombies (Ossuary)
  18 mummies
  2 hound skeletons
  5 worker ant zombies
  8 gnolls (Orc:1)
  11 adders
  3 shadow imps
  3 adder zombies
  An adder skeleton (D:8)
  3 worms
  5 leopard geckos
  50 orcs
  5 giant cockroaches
  12 goblins
  13 hobgoblins
  8 jackals
  6 quokkas
  3 ball pythons
  A ball python skeleton (D:5)
  11 bats
  6 frilled lizards
  A giant cockroach zombie (Ossuary)
  2 jackal zombies
  7 kobolds
  A leopard gecko skeleton (D:9)
  3 quokka skeletons
  4 rats
  A bush (D:2)
  A fungus (Lair:2)
400 creatures vanquished.

Vanquished Creatures (others)
  A withered plant (Ossuary)
1 creature vanquished.

Grand Total: 401 creatures vanquished

Notes
Turn   | Place    | Note
-------+----------+-------------------------------------------
     0 | D:1      | RUZZLEFAZAZZLE the Hill Orc Fighter began the quest for the Orb.
     0 | D:1      | Reached XP level 1. HP: 19/19 MP: 1/1
   195 | D:1      | Reached XP level 2. HP: 27/27 MP: 2/2
   772 | D:2      | Reached skill level 4 in Fighting
   772 | D:2      | Reached XP level 3. HP: 28/33 MP: 3/3
  1262 | D:2      | Reached XP level 4. HP: 28/40 MP: 4/4
  2662 | D:3      | Reached XP level 5. HP: 13/47 MP: 5/5
  3676 | D:4      | Found Oginacox's Distillery.
  4062 | D:4      | Reached skill level 5 in Fighting
  4062 | D:4      | Reached XP level 6. HP: 36/56 MP: 6/6
  4351 | D:4      | Found a staircase to the Ecumenical Temple.
  4366 | Temple   | Entered the Ecumenical Temple
  4373 | Temple   | Became a worshipper of Warmaster Okawaru
  4945 | D:5      | Entered Level 5 of the Dungeon
  4945 | D:5      | Noticed an ice beast
  5117 | D:5      | Killed an ice beast
  5117 | D:5      | Reached skill level 5 in Armour
  5117 | D:5      | Reached skill level 5 in Shields
  5117 | D:5      | Reached XP level 7. HP: 31/61 MP: 7/7
  5490 | D:5      | Gained mutation: Your flesh is cold resistant. (rC+) [potion of mutation]
  5490 | D:5      | Gained mutation: You are partially covered in slimy green scales. (AC +2) [potion of mutation]
  5490 | D:5      | Gained mutation: You tend to lose your temper in combat. [potion of mutation]
  5490 | D:5      | Gained mutation: Your flesh is heat resistant. (rF+) [potion of mutation]
  5491 | D:5      | Lost mutation: Your flesh is heat resistant. (rF+) [potion of mutation]
  5491 | D:5      | Lost mutation: You tend to lose your temper in combat. [potion of mutation]
  5491 | D:5      | Gained mutation: You are resistant to electric shocks. (rElec) [potion of mutation]
  5491 | D:5      | Gained mutation: You are dopey. (Int -2) [potion of mutation]
  5491 | D:5      | Gained mutation: You have supernaturally acute eyesight. (SInv) [potion of mutation]
  5491 | D:5      | Gained mutation: You passively map a small area around you. [potion of mutation]
  5492 | D:5      | Found Xaext's Food Emporium.
  5500 | D:5      | Bought a ration for 60 gold pieces
  5500 | D:5      | Bought a ration for 60 gold pieces
  5922 | D:5      | Reached skill level 6 in Fighting
  6179 | D:6      | Found a sand-covered staircase.
  6188 | Ossuary  | Entered an ossuary
  6197 | Ossuary  | Reached skill level 5 in Long Blades
  6204 | Ossuary  | Reached * piety under Okawaru
  6221 | Ossuary  | Reached XP level 8. HP: 52/71 MP: 8/8
  6702 | D:6      | Found an opulent altar of Gozag.
  7078 | D:6      | Reached skill level 7 in Fighting
  7193 | D:6      | Reached ** piety under Okawaru
  7290 | D:6      | Found a glowing silver altar of Zin.
  7709 | D:7      | Reached skill level 1 in Invocations
  7714 | D:7      | Reached XP level 9. HP: 18/79 MP: 7/9
  8045 | D:7      | Paralysed by an orc for 2 turns
  8557 | D:7      | Reached skill level 8 in Fighting
  8910 | D:8      | Reached *** piety under Okawaru
  8931 | D:8      | Noticed Grum
  8965 | D:8      | Killed Grum
  9021 | D:8      | Reached XP level 10. HP: 76/90 MP: 13/13
  9060 | D:8      | Reached skill level 5 in Invocations
  9323 | D:8      | Found a staircase to the Lair.
  9358 | D:8      | Reached skill level 9 in Fighting
  9400 | D:8      | Noticed a two-headed ogre
  9436 | D:8      | Killed a two-headed ogre
  9436 | D:8      | Reached **** piety under Okawaru
  9534 | D:8      | Noticed a two-headed ogre
  9543 | D:8      | Killed a two-headed ogre
 10026 | D:9      | Reached ***** piety under Okawaru
 10405 | D:9      | Found a staircase to the Orcish Mines.
 10741 | D:9      | Reached XP level 11. HP: 97/99 MP: 16/16
 10771 | D:9      | Reached skill level 10 in Fighting
 11083 | D:10     | Entered Level 10 of the Dungeon
 11159 | D:10     | Noticed a cyclops
 11296 | Lair:1   | Entered Level 1 of the Lair of Beasts
 11332 | Lair:1   | Received a gift from Okawaru
 11428 | Lair:1   | Found a dark tunnel.
 11435 | Volcano  | Entered a volcano
 11568 | Volcano  | Noticed a centaur warrior
 11716 | Volcano  | Killed a centaur warrior
 12082 | Volcano  | Found a radiant altar of Vehumet.
 12083 | Volcano  | Noticed a hell knight
 12093 | Volcano  | Killed a hell knight
 12660 | Lair:1   | Reached skill level 10 in Armour
 12664 | Lair:1   | Reached skill level 10 in Shields
 12877 | Lair:1   | Reached skill level 11 in Fighting
 13250 | Lair:1   | Reached XP level 12. HP: 103/110 MP: 18/18
 13352 | Lair:2   | Found a labyrinth entrance.
 13357 | Lab      | Entered a labyrinth
 13591 | Lab      | Reached skill level 10 in Long Blades
 13607 | Lab      | Received a gift from Okawaru
 13968 | Lab      | Got a translucent scimitar
 15060 | Lab      | Identified the +5 scimitar "Edyricawk" {venom, rElec} (You found it in a labyrinth)
 15424 | Lab      | Noticed a minotaur
 15434 | Lab      | Killed a minotaur
 15572 | Lab      | Got a shimmering plate armour
 15597 | Lair:2   | Identified the +4 plate armour of the Stag {rF+ Dex+4} (You found it in a labyrinth)
 15759 | Lair:2   | Found a staircase to the Snake Pit.
 15790 | Lair:2   | Found a staircase to the Swamp.
 16428 | Snake:1  | Entered Level 1 of the Snake Pit
 16428 | Snake:1  | Noticed an anaconda
 16445 | Snake:1  | Killed an anaconda
 16451 | Snake:1  | Reached skill level 10 in Invocations
 16720 | Snake:1  | Noticed a shock serpent
 16720 | Snake:1  | Noticed a naga warrior
 16741 | Snake:1  | Killed a shock serpent
 17071 | Orc:1    | Entered Level 1 of the Orcish Mines
 17071 | Orc:1    | Noticed Erica
 17081 | Orc:1    | Killed Erica
 17384 | Orc:2    | Entered Level 2 of the Orcish Mines
 17471 | Orc:2    | Reached skill level 12 in Fighting
 17478 | Orc:2    | Received a gift from Okawaru
 17627 | Orc:2    | Found a staircase to the Elven Halls.
 17638 | Orc:2    | Noticed an orc high priest
 17641 | Orc:2    | Reached XP level 13. HP: 102/118 MP: 21/21
 17878 | Orc:2    | Paralysed by an orc sorcerer for 5 turns
 17887 | Orc:2    | Gained mutation: Armour fits poorly on your strangely shaped body. [a neqoxec]
 17891 | Orc:2    | HP: 5/267 [orc priest/divine providence (12)]
 17893 | Orc:2    | HP: 2/267 [orc wizard/puff of flame (4)]
 17902 | Orc:2    | Killed from afar by an orc priest

Skill      XL: |  1  2  3  4  5  6  7  8  9 10 11 12 13 |
---------------+----------------------------------------+-----
Fighting       | 4 5 6 7 8 9 11 12 | 12.5
Long Blades    | 3 4 5 6 7 8 9 11 | 11.3
Armour         | 4 5 6 8 9 10 11 | 11.6
Shields        | 4 5 6 7 9 10 11 | 11.6
Invocations    | 1 4 7 9 10 11 | 11.3

Action                   |  1- 3 |  4- 6 |  7- 9 | 10-12 | 13-15 || total
-------------------------+-------+-------+-------+-------+-------++-------
Melee: Long sword        |   137 |   295 |   400 |   397 |       ||  1229
       Scimitar          |       |       |       |   242 |   112 ||   354
Invok: Heroism           |       |       |     3 |    18 |     3 ||    24
       Finesse           |       |       |       |     4 |     2 ||     6
  Use: Potion            |       |     1 |     5 |     4 |     3 ||    13
       Scroll            |       |     8 |    15 |    10 |       ||    33
  Eat: Chunk             |     1 |    10 |     9 |     7 |     1 ||    28
       Ration            |       |     1 |     2 |     9 |       ||    12
Armor: Scale mail        |    83 |   120 |       |       |       ||   203
       Chain mail        |       |    35 |   223 |    32 |       ||   290
       Plate armour      |       |       |       |   233 |    66 ||   299
       Skin              |       |       |       |       |     8 ||     8
Dodge: Dodged            |    56 |    90 |    92 |   137 |    24 ||   399
Block: Shield            |    84 |   150 |   207 |   352 |    62 ||   855
       Rpst.: Long sword |    23 |    31 |    24 |    24 |       ||   102
       Scimitar          |       |       |       |    13 |     5 ||    18
